 Dungeon Crawl Stone Soup version 0.18.1-6-gd335043 (console) character file.

37 sorlin the Caller (level 3, -1/36 HPs)
             Began as an Ogre Summoner on May 17, 2016.
             Slain by an adder (2 damage)
             ... on level 1 of the Dungeon.
             The game lasted 00:05:45 (1432 turns).

sorlin the Caller (Ogre Summoner)                   Turns: 1432, Time: 00:05:46

Health: -1/36      AC:  3    Str: 14    XL:     3   Next: 39%
Magic:  2/6        EV: 10    Int: 14    God:
Gold:   47         SH:  0    Dex: 10    Spells: 2 memorised, 3 levels left

rFire  . . .     SeeInvis .     a - +0 mace
rCold  . . .     Gourm    .     f - +0 robe
rNeg   . . .     Faith    .     (no shield)
rPois  .         Spirit   .     (helmet restricted)
rElec  .         Dismiss  .     (no cloak)
rCorr  .         Reflect  .     (gloves unavailable)
SustAt .         Harm     .     (boots unavailable)
MR     .....                    (no amulet)
Stlth  +.........               (no ring)
                                (no ring)

@: lethally poisoned (-1 -> -9), very slightly contaminated, not resistant to
hostile enchantments, very unstealthy
A: unfitting armour, tough skin 1
a: no special abilities


You were on level 1 of the Dungeon.
You were not hungry.

You visited 1 branch of the dungeon, and saw 2 of its levels.

You collected 47 gold pieces.


Innate Abilities, Weirdness & Mutations

You are too large for most types of armour.
You have tough skin (AC +1).


   Skills:
 + Level 2.7 Fighting
 * Level 2.4 Maces & Flails
 - Level 1.7 Dodging
 - Level 1.5 Stealth
 - Level 2.4 Spellcasting
 - Level 2.9 Summonings


You had 3 spell levels left.
You knew the following spells:

 Your Spells              Type           Power        Failure   Level  Hunger
a - Call Imp              Summ           ##......     12%         2    ###....
t - Summon Small Mammal   Summ           ##..         10%         1    #......

Inventory:

Hand Weapons
 a - a +0 mace (weapon)
 g - a +1 dagger of flaming
   (You took it off a kobold on level 1 of the Dungeon)
Missiles
 e - 42 stones (quivered)
 k - 44 sling bullets
Armour
 f - a +0 robe (worn)
Jewellery
 m - an uncursed amulet of guardian spirit {unknown}
Scrolls
 d - a scroll of remove curse
 j - a scroll of recharging {unknown}
 l - a scroll of identify {unknown}
Books
 b - a book of Callings

   Spells                             Type                      Level
   a - Summon Small Mammal            Summoning                    1
   b - Call Imp                       Summoning                    2
   c - Call Canine Familiar           Summoning                    3
   d - Summon Guardian Golem          Hexes/Summoning              3
   e - Summon Lightning Spire         Summoning/Air                4
   f - Summon Ice Beast               Ice/Summoning                4
Comestibles
 c - 2 bread rations {!e}
 h - a meat ration {!e}


Message History

You are more poisoned.
The adder poisons you!
You climb upwards.
* * * LOW HITPOINT WARNING * * *
You feel sick.
There is a stone staircase leading down here.
You take 3 damage.
You miscast Call Imp.
You are very lightly contaminated with residual magic.
Your brain hurts!
You feel sick. The adder bites you.
* * * LOW HITPOINT WARNING * * *
You are lethally poisoned!
The adder poisons you!
You take 2 damage.
* * * LOW HITPOINT WARNING * * *
You feel sick.
You take 1 damage.
You don't know that spell.
* * * LOW HITPOINT WARNING * * *
You feel sick.
* * * LOW HITPOINT WARNING * * *
You feel sick. The adder closely misses you. The adder bites you.
* * * LOW HITPOINT WARNING * * *
You take 2 damage.
* * * LOW HITPOINT WARNING * * *
You feel sick.
You take 1 damage.
* * * LOW HITPOINT WARNING * * *
You feel sick.
You take 1 damage.
Read which item? (? for menu, Esc to quit)
Okay, then.
You aren't carrying any potions.
Read which item? (? for menu, Esc to quit)
As you read the scroll labeled BODYBU YBBEU, it crumbles to dust.
You feel blessed for a moment.
It was a scroll of remove curse.
* * * LOW HITPOINT WARNING * * *
You feel sick.
You take 1 damage.
There is a lethal amount of poison in your body!
* * * LOW HITPOINT WARNING * * *
You feel sick.
You take 1 damage.
You hit the adder.
The adder is heavily wounded.
* * * LOW HITPOINT WARNING * * *
You feel sick. The adder bites your bat.
Your bat dies!
The adder bites you.
You die...

#.≈≈≈≈≈≈......≈.≈§≈≈..# ####
#.≈≈≈≈≈≈......≈≈><≈≈..# #...
#.≈≈≈≈≈≈......≈≈≈≈≈≈..######.##
#..≈≈≈≈...##...≈≈≈≈........#..#
##..........#.......#.####.#...
########...#########.#....#..#
#............#..........
##..#########.#.####.####
#########..........##.#..........
............######.##.#.####.####
#########.#.# #.@S...............
..........#.# #.##§##.#..........
###########.###.##.##.#...#......
#.).............##.##.#.#.#...#..
#.######......####>##.#.#.#......
#.######......####.##.#.#.#......
#......'......'....##.#.#.#...#..
########......#######.#.#.#...#.#
..# #......#...........#...#.#
..# #..÷...#.#######.#.#...#..
..# #......#.#.............##.


You could see an adder.

Vanquished Creatures
  An adder (D:2)
  A giant cockroach (D:2)
  A goblin (D:1)
  3 jackals (D:1)
  5 bats
  4 giant newts (D:1)
  5 kobolds (D:1)
  2 rats
22 creatures vanquished.

Vanquished Creatures (collateral kills)
  An ooze (D:1)
  A giant gecko (D:1)
  2 hobgoblins (D:1)
  A jackal (D:1)
  2 kobolds (D:1)
  A ball python (D:1)
  A giant newt (D:1)
9 creatures vanquished.

Grand Total: 31 creatures vanquished

Notes
Turn   | Place    | Note
--------------------------------------------------------------
     0 | D:1      | sorlin the Ogre Summoner began the quest for the Orb.
     0 | D:1      | Reached XP level 1. HP: 16/16 MP: 3/3
   222 | D:1      | Reached skill level 1 in Fighting
   588 | D:1      | Reached XP level 2. HP: 24/28 MP: 5/5
   592 | D:1      | Learned a level 2 spell: Call Imp
   600 | D:1      | Reached skill level 1 in Maces & Flails
   722 | D:1      | Reached skill level 2 in Fighting
   935 | D:1      | Reached skill level 2 in Maces & Flails
  1002 | D:1      | Reached XP level 3. HP: 25/36 MP: 3/6
  1424 | D:1      | HP: 10/36 [poisoned by an adder]
  1429 | D:1      | HP: 4/36 [poisoned by an adder]
  1432 | D:1      | HP: 1/36 [poisoned by an adder]
  1432 | D:1      | Slain by an adder

Vault maps used:
D:1:      dpeg_arrival_pits

Action                   || total
-------------------------++-------
Melee: Whip              ||    71
       Unarmed           ||     4
       Dagger            ||     2
       Club              ||     1
       Mace              ||    13
 Cast: Summon Small Mamm ||     9
       Call Imp          ||     7
  Use: Scroll            ||     1
 Stab: Distracted        ||     1
  Eat: Chunk             ||     2
Armor: Robe              ||    46
Dodge: Dodged            ||    74
